 Dungeon Crawl Stone Soup version 0.30-a0-596-g0af90f9a20 (webtiles) character file.

Game seed: 14776720103078471519

56 arthad the Caller (level 3, 0/15 HPs)
             Began as a Felid Summoner on Jan 6, 2023.
             Was an Initiate of Gozag.
             Killed from afar by Blork the orc (10 damage)
             ... with a magic dart
             ... on level 4 of the Dungeon.
             The game lasted 00:17:15 (2675 turns).

arthad the Caller (Felid Summoner)                  Turns: 2675, Time: 00:17:15

Health: 0/15       AC:  1    Str:  4    XL:     3   Next: 71%
Magic:  7/7        EV: 17    Int: 18    God:    Gozag
Gold:   189        SH:  5    Dex: 16    Spells: 0/6 levels left
                                        Lives:  0   Deaths: 1

rFire   . . .      SeeInvis +    (weapon unavailable)
rCold   . . .      Faith    .    (shield unavailable)
rNeg    . . .      Spirit   .    (body armour unavailable)
rPois   .          Reflect  +    (helmet unavailable)
rElec   .          Harm     .    (cloak unavailable)
rCorr   .          Rampage  .    (gloves unavailable)
Will    .....                    (boots unavailable)
Stlth   ++                       e - amulet of reflection
HPRegen 0.22/turn                (no ring)
MPRegen 0.10/turn                (no ring)

@: quick
A: very small, claws 1, fangs 3, see invisible, speed 1, shaggy fur 1, stealthy
paws, no weapons or thrown items, no armour, multi-lived
a: Renounce Religion, Potion Petition, Call Merchant, Bribe Branch


You were on level 4 of the Dungeon.
You worshipped Gozag.
Gozag was aware of your devotion.
You visited 1 branch of the dungeon, and saw 4 of its levels.

You collected 214 gold pieces.
You paid 25 gold pieces to Gozag.

Inventory:

Jewellery
 e - an amulet of reflection (around neck)
Scrolls
 i - a scroll of poison
 l - a scroll of enchant weapon
Potions
 a - 3 potions of magic
 c - a potion of curing
 j - a potion of might
 k - a potion of haste {unknown}
 m - a potion of attraction {unknown}
 n - a potion of ambrosia {unknown}


   Skills:
 + Level 0.5 Fighting
 + Level 3.0 Dodging
 - Level 2.6 Stealth
 * Level 2.4 Spellcasting
 + Level 1.8 Hexes
 * Level 5.4 Summonings
 + Level 0.3 Air Magic


You couldn't memorise any spells.
You knew the following spells:

 Your Spells              Type           Power      Damage    Failure   Level
a - Summon Small Mammal   Summ           84%        N/A       1%          1
b - Call Imp              Summ           21%        N/A       2%          2
c - Call Canine Familiar  Summ           21%        N/A       5%          3

Your spell library contained the following spells:

 Spells                   Type           Power      Damage    Failure   Level
 Summon Guardian Golem    Hex/Summ       15%        N/A       12%         3
 Kiss of Death            Conj/Necr      8%         2d6       17%         1
 Confusing Touch          Hex            8%         N/A       24%         3
 Summon Lightning Spire   Summ/Air       12%        N/A       45%         4
 Anguish                  Hex/Necr       2%         N/A       75%         4
 Leda's Liquefaction      Hex/Erth       2%         N/A       75%         4
 Dispel Undead            Necr           2%         3d7       86%         4
 Fireball                 Conj/Fire      1%         3d3       99%         5
 Iskenderun's Battlesphe  Conj           2%         2d6       99%         5
 Conjure Ball Lightning   Conj/Air       1%         3x3d6     100%        6
 Enfeeble                 Hex            4%         N/A       100%        7
 Orb of Destruction       Conj           1%         9d5       100%        7
 Portal Projectile        Hex/Tloc       Unusable   N/A       N/A         3

Dungeon Overview and Level Annotations

Branches:
Dungeon (4/15)
 Temple: D:4-7

Altars:
Gozag

Shops:
D:3 :

Annotations:
D:4 Blork the orc


Innate Abilities, Weirdness & Mutations

You have sharp claws.
You have razor-sharp teeth.
You have supernaturally acute eyesight. (SInv)
You cover ground quickly. (Speed+)
You are covered in fur. (AC +1)
Your paws help you pounce on unaware monsters.
You are incapable of wielding weapons or throwing items.
You cannot wear armour.
You gain extra lives every three experience levels.


Message History

As you read the scroll of poison, it crumbles to dust.
Blork the orc casts a spell at you. The puff of flame misses you.
Your crimson imp blinks!
Blork the orc casts a spell at you. The puff of frost misses you.
Okay, then.
Casting: Summon Small Mammal (safe; 1% risk of failure)
Confirm with . or Enter, or press ? or * to list all spells.
What are your orders? t - Meow!
Orders for allies: a - Attack new target. p - Attack previous target. r - Retreat! s - Stop attacking. g - Guard the area. f - Follow me.
Anything else - Cancel.
Gang up on whom?
Press: ? - help, Dir - move target, f/p - Blork the orc
Aim: Blork the orc, wielding a +2 vampiric war axe and wearing a +2 robe of positive energy (almost dead, fast, ally target) Attack!
Your hound is engulfed in poison gas.
Your hound is poisoned.
Casting: Call Canine Familiar (extremely dangerous; 5% risk of failure)
Confirm with . or Enter, or press ? or * to list all spells.
You don't know that spell.
Your hound is engulfed in poison gas.
Your hound looks even sicker.
Blork the orc begins to cast a cantrip, but forgets the words!
Your hound looks even sicker.
Magic courses through your body.
Your quokka is engulfed in poison gas.
Your quokka is poisoned.
You kill your quokka!
Your quokka's corpse disappears in a puff of smoke!
Casting: Summon Small Mammal (safe; 1% risk of failure)
Confirm with . or Enter, or press ? or * to list all spells.
Okay, then.
You aren't carrying any items that you can evoke.
Blork the orc gestures at you while chanting.
The magic dart hits you!
Ouch! That really hurt!
You die...
Your body crumbles into a pile of gold.

.. ....♣....#....♣... #
♣☼.§♣.$..§♣...♣.....#
#. ☼§☼☼.#.#☼......#.#.#
..#§#§..☼§..#.#.......
##..§§§♣.§.♣☼§...♣...♣.
#§§.♣§§.☼#§§§§♣....#...
#☼§§.§§♣§§☼♣§§...♣...##
#....#§h§o5.§#.#...#.#
#§☼§§§@§§☼§☼§§...###.#
#§☼☼###☼#§☼####### ..
#§. ###..☼# ## # #...#
#...# # .# (#


You could see Blork the orc (fast, ally target), a friendly hound (summoned,
very poisoned) and a friendly crimson imp (summoned).

Vanquished Creatures
  A goblin (D:1)
  2 hobgoblins
  A bat (D:2)
4 creatures vanquished.

Vanquished Creatures (collateral kills)
  5 adders
  A worm (D:3)
  3 dart slugs
  4 ball pythons
  8 bats
  2 endoplasms
  2 giant cockroaches
  5 goblins
  5 hobgoblins
  6 jackals
  5 kobolds
  2 quokkas
  6 frilled lizards
  3 rats (D:3)
57 creatures vanquished.

Grand Total: 61 creatures vanquished

Notes
Turn   | Place    | Note
-------+----------+-------------------------------------------
     0 | D:1      | arthad the Felid Summoner began the quest for the Orb.
     0 | D:1      | Reached XP level 1. HP: 7/7 MP: 4/4
   276 | D:1      | Reached XP level 2. HP: 11/11 MP: 1/6
   490 | D:1      | Learned a level 2 spell: Call Imp
   801 | D:2      | Reached skill level 5 in Summonings
   801 | D:2      | Reached XP level 3. HP: 14/14 MP: 1/7
   805 | D:2      | Learned a level 3 spell: Call Canine Familiar
  1054 | D:2      | Found a faded altar of an unknown god.
  1196 | D:2      | Reached skill level 1 in Hexes
  1556 | D:3      | Reached XP level 4. HP: 11/18 MP: 0/8
  1750 | D:3      | Found an opulent altar of Gozag.
  1754 | D:3      | Became a worshipper of Gozag Ym Sagoz the Greedy
  1904 | D:3      | Found Lyunoah's Vocational Training.
  2621 | D:4      | Noticed Blork the orc
  2664 | D:4      | Killed from afar by Blork the orc
  2665 | D:4      | Reached XP level 3. HP: 0/15 MP: 3/7
  2675 | D:4      | Killed from afar by Blork the orc

Illustrated notes

Levels and vault maps discovered:
D:1:      erik_arrival_orb_chamber, layout_rooms
D:2:      layout_rooms, hellmonk_ecumenical_altar_inner_sanctum,
          serial_park_tiny_1
D:3:      layout_rooms, lemuel_doored_altar, nicolae_shop_vocational
D:4:      layout_basic, kennysheep_little_box, grunt_ashenzari_visionary
          [grunt_ashenzari_visionary_shoals, grunt_ashenzari_visionary_spider],
          nicolae_ru_great_annihilating_truth,
          mainiacjoe_overflow_catwalk_spiral, portal_sewer_entry_b,
          eino_small_chamber_without_monster, nicolae_kite_square_tiling_tiny,
          uniq_blork_the_orc

Skill      XL: |  1  2  3  4 |
---------------+-------------+-----
Summonings     | 5 |  5.4
Hexes          | 1 |  1.8
Dodging        | 3 |  3.0
Fighting       | |  0.5
Stealth        | |  2.6
Spellcasting   | |  2.4
Air Magic      | |  0.3

Action                   |  1- 3 |  4- 6 || total
-------------------------+-------+-------++-------
Melee: Unarmed           |    15 |     6 ||    21
       Bite              |       |     1 ||     1
 Cast: Summon Small Mamm |    46 |    20 ||    66
       Call Imp          |    11 |     9 ||    20
       Call Canine Famil |     8 |    11 ||    19
  Use: Potion            |     2 |     3 ||     5
       Scroll            |     2 |     6 ||     8
 Stab: Distracted        |     1 |       ||     1
Armor: Skin              |     3 |     1 ||     4
Dodge: Dodged            |    13 |    16 ||    29
Block: Other             |     5 |     3 ||     8

Table legend: (Time is in decaauts)
 A = Elapsed time spent in this place.
 B = Non-inter-level travel time spent in this place.
 C = Inter-level travel time spent in this place.
 D = Time resting spent in this place.
 E = Time spent auto-exploring this place.
 F = Levels seen in this place.
 G = Mean time per level.
                   A        B        C        D        E       F      G
               +--------+--------+--------+--------+--------+-----+--------+
         Total |   2423 |   2381 |     42 |     55 |   1742 |   4 |  605.8 |
       Dungeon |   2423 |   2381 |     42 |     55 |   1742 |   4 |  605.8 |
               +--------+--------+--------+--------+--------+-----+--------+

Top non-repeatable levels by time:
     D:3: 1014 daAuts
     D:2: 673 daAuts
     D:1: 646 daAuts
     D:4: 89 daAuts
